 Dungeon Crawl Stone Soup version 0.20-a0-1122-gb7cbeb9 (webtiles) character file.

8 Alarkh the Charmwright (level 2, 22/22 HPs)
             Began as a Demonspawn Skald on May 14, 2017.
             Got out of the dungeon alive.
             The game lasted 00:00:19 (426 turns).

Alarkh the Charmwright (Demonspawn Skald)            Turns: 426, Time: 00:00:19

Health: 22/22      AC:  4    Str: 11    XL:     2   Next: 0%
Magic:  5/5        EV: 11    Int: 14    God:
Gold:   3          SH:  0    Dex: 12    Spells: 4/5 levels left

rFire    . . .     SeeInvis .   a - +0 hand axe
rCold    . . .     Gourm    .   (no shield)
rNeg     . . .     Faith    .   b - +0 leather armour
rPois    .         Spirit   .   (helmet restricted)
rElec    .         Reflect  .   k - +0 cloak
rCorr    .         Harm     .   (no gloves)
MR       .....                  (no boots)
Stlth    +.........             (no amulet)
Regen    0.1/turn               (no ring)
MPRegen  0.1/turn               (no ring)

@: no status effects
A: antennae 1
a: no special abilities


You escaped.
You were not hungry.

You visited 1 branch of the dungeon, and saw 1 of its levels.

You collected 3 gold pieces.

Inventory:

Hand Weapons
 a - a +0 hand axe (weapon)
Armour
 b - a +0 leather armour (worn)
 k - a +0 cloak (worn)
Scrolls
 h - a scroll of remove curse {unknown}
 i - a scroll of identify {unknown}
Potions
 e - a potion of curing {unknown}
 g - 2 potions of might {unknown}
 j - a potion of degeneration {unknown}
 l - a potion of haste {unknown}
Books
 c - a book of Battle

   Spells                             Type                      Level
   a - Infusion                       Charms                       1
   b - Shroud of Golubria             Charms/Translocation         2
   c - Song of Slaying                Charms                       2
   d - Spectral Weapon                Hexes/Charms                 3
   e - Regeneration                   Charms/Necromancy            3
Comestibles
 d - a bread ration
 f - 2 chunks of flesh
 m - a meat ration


   Skills:
 - Level 2.0 Fighting
 + Level 2.4 Axes
 - Level 0.8 Armour
 - Level 1.7 Dodging
 - Level 2.0 Spellcasting
 - Level 2.6 Charms


You had 4 spell levels left.
You knew the following spells:

 Your Spells              Type           Power        Failure   Level  Hunger
a - Infusion              Chrm           #...         11%         1    ##.....


Dungeon Overview and Level Annotations

Branches:
Dungeon (1/15)

Altars:


Innate Abilities, Weirdness & Mutations

You have a pair of small antennae on your head.


Message History

The rat bites you.
You closely miss the rat.
The rat is heavily wounded.
The rat barely misses you.
You barely miss the rat.
The rat is heavily wounded.
The rat closely misses you.
You hit the rat.
You kill the rat!
You have reached level 2!
Your demonic ancestry asserts itself...
A pair of antennae grows on your head!
Some of the chunks of flesh in your inventory have rotted away.
There is an escape hatch in the floor here.
There is an open door here.
You open the door.
There is an open door here.
There is a staircase leading out of the dungeon here.
Are you sure you want to leave the Dungeon?
This will make you lose the game!
You have escaped!

.........# #...###.# ###..##..#.
#...# ##.# # #..##.# . ##'## .# #
#.....##. #...# .##
####.##.#.#####...#####.#
.....##.#.#≈≈.#...#.≈≈#.# #####
........#.#≈≈.#...#.≈≈#.###...##
........#.#≈..#...#..≈#.##.....##
#######...#≈..'.@.'..≈+.........#
..# ###.#≈..#...#..≈#.#........
#.# #.#≈≈.#...#.≈≈#.#........ #.#
#.#≈≈.#...#.≈≈#.#........ #.#
#.#####...#####.#.......# #.#
##.# #...# #.###.....## #.# #.#
##'## #.# ##...## #.# #.## #...#
##.# ##.## #.# ##.###...###.##
#.#


There were no monsters in sight!

Vanquished Creatures
  A giant cockroach (D:1)
  A goblin (D:1)
  A kobold (D:1)
  2 bats (D:1)
  A frilled lizard (D:1)
  2 rats (D:1)
8 creatures vanquished.

Notes
Turn   | Place    | Note
-------+----------+-------------------------------------------
     0 | D:1      | Alarkh the Demonspawn Skald began the quest for the Orb.
     0 | D:1      | Reached XP level 1. HP: 16/16 MP: 3/3
   337 | D:1      | Gained mutation: You have a pair of small antennae on your head. [demonic ancestry]
   337 | D:1      | Reached XP level 2. HP: 22/22 MP: 5/5
   426 | D:$      | Got out of the dungeon alive.

Vault maps used:
D:1:      dpeg_arrival_yet_another_circle

Skill      XL: |  1 |
---------------+----+-----
Axes           | 2 |  2.4
Fighting       | |  2.0
Armour         | |  0.8
Dodging        | |  1.7
Spellcasting   | |  2.0
Charms         | |  2.6

Action                   || total
-------------------------++-------
Melee: Hand axe          ||    22
Armor: Leather armour    ||     9
Dodge: Dodged            ||    15
